 Dungeon Crawl Stone Soup version 0.21.1-1-g345015f (webtiles) character file.

138 inc the Soothsayer (level 5, 24/24 HPs)
             Began as a Felid Monk on Mar 14, 2018.
             Was a Priest of Nemelex Xobeh.
             Quit the game on level 5 of the Dungeon.
             The game lasted 00:05:26 (4149 turns).

inc the Soothsayer (Felid Monk)                     Turns: 4149, Time: 00:05:27

Health: 24/24      AC:  2    Str: 12    XL:     5   Next: 1%
Magic:  9/9        EV: 20    Int: 11    God:    Nemelex Xobeh [***...]
Gold:   189        SH:  0    Dex: 21    Spells: 4/4 levels left
                                        Lives:  0   Deaths: 1

rFire    . . .     SeeInvis +     - Unarmed
rCold    . . .     Gourm    .   (shield unavailable)
rNeg     . . .     Faith    .   (armour unavailable)
rPois    .         Spirit   .   (helmet unavailable)
rElec    .         Reflect  .   (cloak unavailable)
rCorr    .         Harm     .   (gloves unavailable)
MR       .....                  (boots unavailable)
Stlth    +++.......             (no amulet)
HPRegen  0.08/turn              (no ring)
MPRegen  0.11/turn              (no ring)

@: mighty, berserk cooldown, slowed, slow
A: very small, no armour, no weapons or thrown items, stealth, claws 1, fangs 3,
see invisible, carnivore, speed 1, shaggy fur 2, slow metabolism 1, sharp paws
a: Triple Draw, Renounce Religion


You were on level 5 of the Dungeon.
You worshipped Nemelex Xobeh.
Nemelex Xobeh was most pleased with you.
You were not hungry.

You visited 1 branch of the dungeon, and saw 5 of its levels.

You collected 189 gold pieces.

Inventory:

Jewellery
 h - an uncursed ring of ice {unknown}
Wands
 n - a wand of acid (6)
Scrolls
 b - 2 scrolls of identify {unknown}
 d - 2 scrolls of teleportation {unknown}
 e - a scroll of immolation {unknown}
 f - a scroll of enchant weapon {unknown}
 g - a scroll of noise {unknown}
 l - 2 scrolls of remove curse {unknown}
 o - a scroll of random uselessness {unknown}
 p - 2 scrolls of enchant armour {unknown}
 q - a scroll of magic mapping {unknown}
 r - 2 scrolls of blinking {unknown}
Potions
 c - a potion of flight
 s - a potion of haste
Books
 t - a book of Minor Magic

   Spells                             Type                      Level
   a - Magic Dart                     Conjuration                  1
   b - Blink                          Translocation                2
   c - Call Imp                       Summoning                    2
   d - Slow                           Hexes                        2
   e - Conjure Flame                  Conjuration/Fire             3
   f - Mephitic Cloud                 Conjuration/Poison/Air       3
Miscellaneous
 i - a plain deck of summoning {drawn: 4}
 j - a plain deck of escape {drawn: 1}
Comestibles
 a - 6 rations


   Skills:
 - Level 3.0 Fighting
 - Level 4.1 Dodging
 - Level 2.6 Stealth
 - Level 4.2 Unarmed Combat
 + Level 5.0 Invocations


You had 4 spell levels left.
You didn't know any spells.

Dungeon Overview and Level Annotations

Branches:
Dungeon (4/15)
 Temple: D:4-7

Altars:
Fedhas
Nemelex Xobeh

Annotations:
D:2 Robin, Terence
D:4 Anonimus's ghost, amateur DsFi; Eustachio


Innate Abilities, Weirdness & Mutations

You cannot wear armour.
You are incapable of wielding weapons or throwing items.
Your paws allow you to move quietly. (Stealth)
You have sharp claws.
You have razor-sharp teeth.
You have supernaturally acute eyesight. (SInv)
You are carnivorous and can eat meat at any time.
You cover ground quickly.
You are covered in thick fur. (AC +2)
You have a slow metabolism.
Your sharp claws are effective at attacking unaware monsters.


Message History

The orc wizard hits you with a dagger.
You die...
You are now level 5!
You rejoin the land of the living...
Found a papyrus book, a fuming green potion and 9 gold pieces.
Found a stone staircase leading down.
It was a potion of heal wounds.
You feel much better.
m - a fuming green potion
t - a book of Minor Magic It was a potion of berserk rage.
A red film seems to cover your vision as you go berserk!
You feel yourself moving faster!
You feel mighty!
You are too berserk!
You feel a strong urge to attack something.
You feel your anger nearly subside.
You are no longer berserk.
You are exhausted.
You feel yourself slow down.
It was a potion of might.
You feel very mighty all of a sudden.
Are you sure you want to abandon this character and quit the game? (Confirm with "yes".)

#############
#...........#
#..........$#
###...........#
#>............+
#.#.........@.#
...............#
###.#...........#
#.#..............
..............###
##.#...........#
#.#####'#####.# #
... ..


There were no monsters in sight!

Vanquished Creatures
  A gnoll (D:5)
  2 adders
  3 oozes (D:3)
  A dart slug (D:1)
  6 leopard geckos
  4 orcs
  A giant cockroach (D:1)
  4 goblins
  7 hobgoblins
  6 jackals
  2 kobolds
  4 bats
  A frilled lizard (D:4)
  4 rats (D:1)
46 creatures vanquished.

Vanquished Creatures (collateral kills)
  A water moccasin (D:5)
  An ogre (D:5)
  A scorpion (D:4)
  2 crimson imps (D:5)
  An orc priest (D:4)
  An orc (D:4)
7 creatures vanquished.

Grand Total: 53 creatures vanquished

Notes
Turn   | Place    | Note
-------+----------+-------------------------------------------
     0 | D:1      | inc the Felid Monk began the quest for the Orb.
     0 | D:1      | Reached XP level 1. HP: 10/10 MP: 2/2
   427 | D:1      | Reached XP level 2. HP: 14/14 MP: 3/3
  1344 | D:2      | Noticed Robin
  1828 | D:2      | Found a sparkling altar of Nemelex Xobeh.
  1829 | D:2      | Noticed Terence
  1838 | D:3      | Reached XP level 3. HP: 3/17 MP: 4/4
  2107 | D:2      | Became a worshipper of Nemelex Xobeh the Trickster
  2107 | D:2      | Received a gift from Nemelex Xobeh
  2107 | D:2      | Reached * piety under Nemelex Xobeh
  2107 | D:2      | Reached ** piety under Nemelex Xobeh
  2146 | D:3      | Received a gift from Nemelex Xobeh
  2231 | D:3      | Reached skill level 1 in Invocations
  2683 | D:3      | Reached skill level 2 in Invocations
  2747 | D:3      | Reached XP level 4. HP: 15/21 MP: 6/6
  3342 | D:4      | Noticed Anonimus's ghost (amateur DsFi)
  3639 | D:4      | Reached skill level 3 in Invocations
  3804 | D:4      | Noticed Eustachio
  3815 | D:4      | You fall through a shaft!
  3815 | D:5      | Entered Level 5 of the Dungeon
  3815 | D:5      | Noticed a water moccasin
  3816 | D:5      | Reached *** piety under Nemelex Xobeh
  3820 | D:5      | Found a blossoming altar of Fedhas.
  3836 | D:5      | Noticed an ogre
  3844 | D:5      | Reached XP level 5. HP: 6/24 MP: 8/8
  3846 | D:5      | HP: 1/24 [water moccasin (5)]
  3850 | D:5      | Killed a water moccasin
  3850 | D:5      | Reached skill level 4 in Invocations
  3854 | D:5      | Killed an ogre
  3956 | D:5      | Noticed a sky beast
  4102 | D:5      | Noticed an ice beast
  4109 | D:5      | Noticed a water moccasin
  4109 | D:5      | Reached skill level 5 in Invocations
  4109 | D:5      | Gained mutation: You are covered in thick fur. (AC +2) [Felid growth]
  4109 | D:5      | Reached XP level 6. HP: 21/28 MP: 10/10
  4122 | D:5      | HP: 1/28 [orc wizard/magic dart (6)]
  4124 | D:5      | Slain by an orc wizard
  4125 | D:5      | Reached XP level 5. HP: -4/24 MP: 9/9
  4149 | D:5      | Quit the game

Skill      XL: |  1  2  3  4  5 |
---------------+----------------+-----
Unarmed Combat | 4 |  4.2
Invocations    | 2 3 5 |  5.0
Fighting       | |  3.0
Dodging        | |  4.1
Stealth        | |  2.6

Action                   |  1- 3 |  4- 6 || total
-------------------------+-------+-------++-------
Melee: Unarmed           |    75 |    43 ||   118
       Bite              |    10 |     4 ||    14
       Punch             |     1 |     3 ||     4
Evoke: Deck              |       |     5 ||     5
  Use: Potion            |     2 |     4 ||     6
 Stab: Sleeping          |    13 |     1 ||    14
       Distracted        |     1 |       ||     1
  Eat: Chunk             |     2 |     4 ||     6
Armor: Skin              |     2 |     1 ||     3
Dodge: Dodged            |    59 |    38 ||    97
